 Dungeon Crawl Stone Soup version 0.18.1-48-g4cf74bf (webtiles) character file.

396048 dvd the Sorcerer (level 22, -2/128 HPs)
             Began as a Deep Elf Summoner on Aug 30, 2016.
             Was the Champion of Sif Muna.
             Shot with a bolt by a yaktaur captain (45 damage)
             ... on level 5 of the Vaults on Sept 1, 2016.
             The game lasted 10:41:02 (58894 turns).

dvd the Sorcerer (Deep Elf Summoner)               Turns: 58894, Time: 10:41:03

Health: -2/128     AC: 27    Str:  6      XL:     22   Next: 18%
Magic:  32/58      EV: 17    Int: 44 (45) God:    Sif Muna [******]
Gold:   2678       SH:  0    Dex: 20      Spells: 15 memorised, 6 levels left

rFire  + + +     SeeInvis +     a - +7 quarterstaff "Beetleslayer" {freeze, Fragile MR+ Dex+4 SInv}
rCold  + + .     Gourm    .     u - +2 robe {rC+ rF+}
rNeg   + . .     Faith    .     (shield currently unavailable)
rPois  +         Spirit   .     T - +0 Maxwell's etheric cage {RegenMP+ *Contam rElec MP+4}
rElec  +         Dismiss  .     I - +2 cloak {MR+}
rCorr  +         Reflect  .     E - +1 pair of gloves of Carph {MR+ rCorr Str+4}
SustAt .         Harm     .     o - +4 pair of boots of the Princeling {rC+ Int+2 Dex-3}
MR     +++++     Clarity  +     K - amulet "Zunil" {rElec rPois Regen+ Dex+4 Slay+3}
Stlth  ++++......               v - ring "Zeru" {Fragile rF++ rN+ Str-3 Int+9}
                                J - ring of the Mage {Wiz MR++ Int+3}

@: icy armour, deflect missiles, slow, almost entirely resistant to hostile
enchantments, stealthy
A: clarity
a: Channel Energy, Forget Spell, Renounce Religion
}: 2/15 runes: serpentine, barnacled


You were on level 5 of the Vaults.
You worshipped Sif Muna.
Sif Muna was exalted by your worship.
You were not hungry.

You visited 10 branches of the dungeon, and saw 50 of its levels.
You visited 1 bazaar.
You also visited: Labyrinth, Ice Cave, Volcano and Wizlab.

You collected 7669 gold pieces.
You spent 4991 gold pieces at shops.

Inventory:

Hand Weapons
 a - the +7 quarterstaff "Beetleslayer" (weapon) {freeze, Fragile MR+ Dex+4 SInv}
   (You bought it in a shop on level 2 of the Shoals)

   It has been specially enchanted to freeze those struck by it, causing extra
   injury to most foes and up to half again as much damage against particularly
   susceptible opponents.
   It can also slow down cold-blooded creatures.
   It affects your dexterity (+4).
   It affects your resistance to hostile enchantments.
   It lets you see invisible.
   It will be destroyed if unequipped.
 V - a +9 quarterstaff of chaos
Armour
 o - the +4 pair of boots of the Princeling (worn) {rC+ Int+2 Dex-3}
   (You bought it in a shop in a bazaar)

   It affects your intelligence (+2).
   It affects your dexterity (-3).
   It protects you from cold.
 s - the +5 ring mail "Loil" {Int+2 Dex+2}
   (You found it on level 1 of the Snake Pit)

   It affects your intelligence (+2).
   It affects your dexterity (+2).
 u - a +2 robe of resistance (worn)
 A - the +2 hat of the High Council {Archmagi, Wiz- Stlth-}
   (You acquired it on level 4 of the Vaults)

   It makes you less stealthy.
 E - the +1 pair of gloves of Carph (worn) {MR+ rCorr Str+4}
   (You bought it in a shop on level 2 of the Depths)

   It affects your strength (+4).
   It affects your resistance to hostile enchantments.
   It protects you from acid and corrosion.
 I - a +2 cloak of magic resistance (worn)
 S - the +3 crown of Dyrovepreva {rElec Int+2 SInv}
   (You found it on level 3 of the Elven Halls)

   It affects your intelligence (+2).
   It insulates you from electricity.
   It lets you see invisible.
 T - the +0 Maxwell's etheric cage (worn) {RegenMP+ *Contam rElec MP+4}
   (You found it on level 11 of the Dungeon)

   It insulates you from electricity.
   It affects your magic capacity (+4).
   It causes magical contamination when unequipped.
 X - the +3 ring mail "Jaonyif" {rElec rF+++ rC- Int+2}
   (You found it on level 3 of the Elven Halls)

   It affects your intelligence (+2).
   It renders you almost immune to fire.
   It makes you vulnerable to cold.
   It insulates you from electricity.
Jewellery
 j - the ring of the Dropbear {rPois rN+}
   (You found it on level 3 of the Crypt)

   [ring of positive energy]

   It protects you from poison.
   It protects you from negative energy.
 v - the ring "Zeru" (right hand) {Fragile rF++ rN+ Str-3 Int+9}
   (You found it on level 3 of the Crypt)

   [ring of positive energy]

   It affects your strength (-3).
   It affects your intelligence (+9).
   It greatly protects you from fire.
   It protects you from negative energy.
   It will be destroyed if unequipped.
 J - the ring of the Mage (left hand) {Wiz MR++ Int+3}
   (You bought it in a shop on level 2 of the Orcish Mines)

   [ring of wizardry]

   It improves your spell success rate.
   It affects your intelligence (+3).
   It affects your resistance to hostile enchantments.
 K - the amulet "Zunil" (around neck) {rElec rPois Regen+ Dex+4 Slay+3}
   (You bought it in a shop on level 2 of the Orcish Mines)

   [amulet of regeneration]

   It affects your dexterity (+4).
   It affects your accuracy and damage with ranged weapons and melee attacks
   (+3).
   It insulates you from electricity.
   It protects you from poison.
   It increases your rate of regeneration.
 N - the ring of Agnosticism {MP+9 Int+2 Dex+2}
   (You bought it in a shop on level 2 of the Orcish Mines)

   [ring of magical power]

   It affects your intelligence (+2).
   It affects your dexterity (+2).
   It affects your magic capacity (+9).
Wands
 h - a wand of iceblast (8/15)
 p - a wand of lightning (8/15)
 w - a wand of teleportation (2/9)
 M - a wand of digging (7/24)
 Q - a wand of teleportation (8/9)
 Y - a wand of disintegration (13/24)
Scrolls
 b - 4 scrolls of fear
 g - 20 scrolls of identify
 q - 16 scrolls of remove curse
 r - 5 scrolls of fog
 t - a scroll of summoning
 y - 12 scrolls of recharging
 B - 4 scrolls of holy word
 C - 6 scrolls of magic mapping
 F - 7 scrolls of teleportation
 L - 7 scrolls of blinking
 O - a scroll of amnesia
Potions
 d - 4 potions of ambrosia
 e - 4 potions of resistance
 i - 7 potions of agility
 k - 10 potions of curing
 l - 3 potions of heal wounds
 n - 13 potions of brilliance
 x - 2 potions of invisibility
 z - 4 potions of magic
 G - 3 potions of cancellation
 H - 3 potions of flight
 P - 3 potions of haste
 R - 4 potions of might
 Z - a potion of cure mutation
Books
 D - Sif Muna's Reference Book on the Oath
   (Sif Muna gifted it to you on level 5 of the Depths)

   Spells                             Type                      Level
   a - Corona                         Hexes                        1
   b - Tukima's Dance                 Hexes                        3
   c - Metabolic Englaciation         Hexes/Ice                    5
   d - Darkness                       Hexes                        6
   e - Discord                        Hexes                        8
 U - Sif Muna's Grimoire of the Escort and Sinister Magic
   (Sif Muna gifted it to you on level 5 of the Vaults)

   Spells                             Type                      Level
   a - Summon Butterflies             Summoning                    1
   b - Sublimation of Blood           Necromancy                   2
   c - Summon Demon                   Summoning                    5
   d - Shadow Creatures               Summoning                    6
   e - Monstrous Menagerie            Summoning                    7
   f - Summon Hydra                   Summoning                    7
   g - Summon Horrible Things         Summoning                    8
Comestibles
 c - 21 bread rations
 f - 19 meat rations
 m - 37 fruits
 W - 6 royal jellies


   Skills:
 * Level 10.5 Fighting
   Level 0.2 Short Blades
 + Level 6.9 Staves
 + Level 11.2 Dodging
 + Level 9.1 Stealth
 + Level 26.8 Spellcasting
 + Level 7.2 Hexes
 + Level 6.7 Charms
 + Level 19.2 Summonings
 + Level 7.6 Necromancy
 + Level 3.7 Translocations
 + Level 10.3 Ice Magic
 + Level 12.9 Air Magic
 + Level 13.5 Invocations
 + Level 0.2 Evocations


You had 6 spell levels left.
You knew the following spells:

 Your Spells              Type           Power        Failure   Level  Hunger
a - Summon Hydra          Summ           ########..   1%          7    None
b - Summon Mana Viper     Hex/Summ       ########     1%          5    None
c - Deflect Missiles      Chrm/Air       #######...   1%          6    None
d - Summon Lightning Spi  Summ/Air       ########     0%          4    None
e - Blink                 Tloc           N/A          1%          2    None
f - Airstrike             Air            ########..   0%          4    None
g - Ozocubu's Armour      Chrm/Ice       #######.     1%          3    None
h - Aura of Abjuration    Summ           ########..   0%          5    None
i - Summon Demon          Summ           ########..   0%          5    None
j - Control Undead        Necr           #######...   1%          4    None
k - Regeneration          Chrm/Necr      #######...   1%          3    None
l - Recall                Summ/Tloc      N/A          0%          3    None
m - Summon Horrible Thin  Summ           ########..   1%          8    None
n - Animate Dead          Necr           N/A          1%          4    None
o - Dispel Undead         Necr           #######.     1%          5    None


Dungeon Overview and Level Annotations

Branches:
Dungeon (15/15)            Temple (1/1) D:4            Lair (8/8) D:8
 Shoals (4/4) Lair:3        Snake (4/4) Lair:4        Slime (0/6) Lair:6
    Orc (2/2) D:10            Elf (3/3) Orc:2        Vaults (5/5) D:14
  Crypt (3/3) Vaults:3       Tomb (0/3) Crypt:3      Depths (5/5) D:15
    Zot (0/5) Depths:5

Altars:
Ashenzari
Cheibriados
Dithmenos
Elyvilon
Fedhas
Gozag
Kikubaaqudgha
Makhleb
Nemelex Xobeh
Okawaru
Pakellas
Qazlal
Ru
Sif Muna
Trog
Vehumet
Xom
Yredelemnul
Zin
The Shining One
Beogh

Shops:
D:5 :   D:7 !([   Orc:2 *===   Elf:2 *   Elf:3 :   Shoals:1 (   Shoals:2 (([
Snake:2 ?   Snake:4 }   Vaults:1 (   Depths:2 (!*[   Depths:4 (

Portals:
Hell: Depths:1 Depths:2 Depths:3 Depths:4 Depths:5
Abyss: Depths:4
Pandemonium: Depths:3 Depths:4
Ziggurat: Depths:3
Trove: Vaults:3 (give storm bow)


Innate Abilities, Weirdness & Mutations

You possess an exceptional clarity of mind.


Message History

Your eight-headed hydra bites the titan but does no damage.
Your eight-headed hydra bites the titan.
Your eight-headed hydra bites the titan! x2
The titan dies!
You feel your intelligence returning.
Unknown command.
Unknown command.
U - Sif Muna's Grimoire of the Escort and Sinister Magic The yaktaur captain shoots a bolt.
The bolt hits you!!
Your lightning spire shoots out a bolt of lightning at the yaktaur captain!
The bolt of electricity hits the yaktaur captain.
The bolt of electricity hits the war gargoyle.
The war gargoyle resists.
You hear an angry hiss.
A war gargoyle comes into view. It is wielding a morningstar.
Your skin stops crawling.
The redback barely misses your seven-headed hydra.
The war gargoyle hits your eight-headed hydra with a morningstar!!
The yaktaur captain shoots a bolt.
The bolt hits you!!!
You die...

.....#....# #.
....#....##.#
...#....#.#|
..........#
#####........##
......?[.)(....
..}..[.8D<.....
.....[(@(.<....
.......[<<.....
#####....)...##
.cD.D..s....
..9.#s..[#.##
......#....# .}
......#....# #
#...s.#....#


You could see a yaktaur captain, a war gargoyle, a tarantella, 2 redbacks, 2
friendly eight-headed hydras, a friendly seven-headed hydra and a friendly
lightning spire.

Vanquished Creatures
  Mara (Shoals:4)
  Boris (Crypt:1)
  Frederick (Vaults:3)
  3 caustic shrikes (Depths:5)
  A bone dragon (Vaults:3)
  A profane servitor (Crypt:3)
  A lich (Crypt:3)
  A titan (Vaults:4)
  A deep elf master archer (Elf:3)
  The ghost of Roxy the Peltast, an adept FoFi of Qazlal (Elf:3)
  A kraken (Shoals:4)
  An ancient champion (Crypt:3)
  A fire giant (Depths:2)
  A revenant (Crypt:3)
  2 tengu reavers
  A deep elf sorcerer (Elf:3)
  A ghoul (Crypt:2)
  A juggernaut skeleton (Crypt:2)
  A deep elf demonologist (Elf:3)
  A stone giant (Vaults:4)
  6 vampire knights
  A red draconian (Depths:5)
  A black draconian (Depths:5)
  3 eidola
  A deep elf annihilator (Elf:3)
  An ettin (Depths:4)
  3 deep elf death magi
  2 fire dragons
  3 deep elf high priests (Elf:3)
  The ghost of Galewind the Thaumaturge, a journeyman DECj of Vehumet (Lair:7)
  A vault guard (Vaults:4)
  2 great orbs of eyes
  10 jiangshi
  An ice dragon (Depths:4)
  2 yaktaur captains
  3 entropy weavers
  A rakshasa (Depths:2)
  2 spriggan air magi
  A merfolk avatar (Shoals:1)
  3 centaur warriors (Depths:2)
  4 satyrs
  2 naga warriors (Snake:4)
  18 dancing weapons
  2 ogre magi
  A merfolk aquamancer (Shoals:4)
  A deep troll shaman (Depths:4)
  2 tengu warriors (Depths:3)
  2 naga sharpshooters
  3 vampire magi
  A deep elf knight (Vaults:4)
  3 sun demons
  A shadow wraith (Crypt:3)
  2 shock serpents (Snake:4)
  A fire crab (shapeshifter) (D:12)
  3 hell knights
  5 flayed ghosts
  14 skeletal warriors
  An anaconda zombie (Crypt:2)
  4 sea snakes
  3 unseen horrors
  2 giant orange brains
  A spriggan druid (Depths:3)
  5 deep elf archers
  A naga ritualist (Snake:4)
  An orange crystal statue (Vaults:2)
  A necromancer (Crypt:1)
  A golden dragon skeleton (Crypt:1)
  An ironbrand convoker (Vaults:3)
  A wizard (Depths:1)
  A harpy (Shoals:4)
  4 phantasmal warriors
  20 deep elf magi
  A mana viper (Snake:1)
  4 cyclopes
  5 griffons
  A hornet (Vaults:3)
  3 salamanders
  3 manticores
  2 ugly things (Vaults:1)
  2 fauns
  4 black mambas
  A centaur zombie (D:14)
  A siren (Shoals:4)
  A rust devil (Depths:3)
  A storm dragon simulacrum (Crypt:3)
  Maurice (D:8)
  A guardian serpent (Snake:4)
  A naga mage (Depths:1)
  3 water nymphs
  A shock serpent skeleton (Crypt:2)
  A yaktaur (Depths:2)
  A pale draconian zombie (Crypt:1)
  7 freezing wraiths
  A rime drake (shapeshifter) (Vaults:3)
  A polar bear (Lair:6)
  6 merfolk
  A tengu conjurer (D:14)
  A jumping spider (Vaults:4)
  A two-headed ogre (Vaults:4)
  4 blink frogs
  3 slime creatures
  A bog body (Crypt:2)
  An ice dragon skeleton (Crypt:2)
  31 flying skulls
  9 yaks
  3 wraiths
  10 spriggans
  2 shadows
  A basilisk (Lair:8)
  2 fire bats (Depths:3)
  5 water elementals
  A wind drake skeleton (Crypt:2)
  A hog (Volcano)
  5 hippogriffs
  A golden eye (shapeshifter) (Vaults:4)
  6 vampire mosquitoes
  A mottled dragon (Vaults:2)
  A hungry ghost (D:13)
  3 nagas
  A warg (Vaults:1)
  3 porcupines
  3 water moccasins
  3 sky beasts
  A black bear (shapeshifter) (Vaults:1)
  An eye of draining (shapeshifter) (Depths:2)
  An orc warrior (D:11)
  An ice beast (D:5)
  A black bear (Lair:3)
  2 wasps
  2 necrophages
  6 ogres
  A snapping turtle skeleton (Crypt:2)
  2 wolves
  A boggart (Depths:4)
  4 centaurs
  4 crocodiles
  6 giant frogs
  A wyvern skeleton (D:11)
  A scorpion (D:13)
  A human simulacrum (Vaults:1)
  2 electric eels (Lair:1)
  4 howler monkeys (D:14)
  5 crimson imps
  2 jellies
  A centaur skeleton (D:5)
  2 giant frog skeletons
  An orc priest (D:11)
  3 hounds
  2 iron imps (Depths:3)
  An orc wizard (Vaults:4)
  A human skeleton (Crypt:1)
  A demonspawn skeleton (Crypt:1)
  2 worker ants
  A sheep (Lair:1)
  A dwarf skeleton (Crypt:1)
  An ogre skeleton (Crypt:1)
  2 hound skeletons
  A howler monkey zombie (D:8)
  A worker ant zombie (D:9)
  3 adders
  A gnoll (D:7)
  11 river rats
  A shadow imp (D:10)
  A white imp (Depths:3)
  An ufetubus (Depths:3)
  A halfling zombie (Crypt:2)
  4 giant geckos
  15 orcs
  2 giant cockroaches
  2 hobgoblins
  8 jackals
  5 kobolds
  2 quokkas
  A ball python (D:4)
  A bat (D:2)
  7 giant newts
  4 butterflies (D:4)
  A crawling corpse (Elf:3)
  A fungus (D:8)
  2 lost souls
  3 plants
487 creatures vanquished.

Vanquished Creatures (collateral kills)
  A juggernaut (Depths:2)
  A caustic shrike (Depths:5)
  3 golden dragons (Depths:5)
  Jory (Crypt:3)
  Nikola (Snake:3)
  A bone dragon (Crypt:3)
  An electric golem (WizLab)
  A tentacled monstrosity (Depths:2)
  Rupert (Snake:1)
  A lich (Depths:1)
  2 titans
  3 deep elf blademasters
  A deep elf master archer (Elf:3)
  Frances (Shoals:2)
  2 sphinxes
  Gastronok (D:9)
  Agnes (Vaults:3)
  Polyphemus (Shoals:2)
  3 tengu reavers
  A storm dragon (Vaults:4)
  Kirke (Shoals:1)
  A storm dragon (shapeshifter) (Depths:5)
  2 shadow dragons
  Wiglaf (Vaults:3)
  5 greater nagas (Snake:4)
  8 fire giants
  Maud (Lair:4)
  An iron dragon (Depths:5)
  6 frost giants
  Ilsuiw (Shoals:4)
  A balrug (Depths:5)
  2 draconian knights (Vaults:3)
  The ghost of dvd the Scorcher, an adept DEFE of Vehumet (IceCv)
  A draconian scorcher (Depths:5)
  A reaper (Crypt:2)
  4 deep elf sorcerers
  A draconian annihilator (Depths:5)
  8 ironheart preservers
  6 deep elf elementalists
  2 spriggan defenders (Depths:3)
  2 ghouls
  4 vault wardens
  4 war gargoyles
  17 stone giants
  A stone giant (shapeshifter) (Depths:2)
  A black draconian (Depths:5)
  2 vampire knights (Crypt:3)
  12 very ugly things
  A white draconian (Depths:5)
  2 red draconians (Depths:5)
  11 deep elf annihilators
  8 deep elf demonologists
  A yellow draconian (Depths:5)
  24 vault guards
  9 deep elf death magi
  10 crystal guardians
  A blizzard demon (Depths:3)
  Snorg (Lair:7)
  8 merfolk javelineers
  15 ettins
  6 jiangshi (Crypt:3)
  A minotaur (Lab)
  7 fire dragons
  8 deep elf high priests
  3 great orbs of eyes
  7 ice dragons
  11 merfolk impalers
  13 yaktaur captains
  10 rakshasas
  2 entropy weavers
  10 hydras
  13 naga warriors
  10 ogre magi
  2 catoblepae
  6 anacondas
  2 alligator snapping turtles
  16 centaur warriors
  7 death knights
  A spriggan air mage (Depths:3)
  3 dancing weapons (Elf:2)
  6 death yaks
  5 merfolk aquamancers
  4 satyrs (Shoals:4)
  3 tengu warriors
  A hell hog (shapeshifter) (Depths:2)
  4 deep troll earth magi
  5 deep troll shamans
  4 orc high priests
  4 small abominations
  2 vampire magi
  7 shock serpents
  A soul eater (Crypt:1)
  18 hell knights
  6 spriggan berserkers
  20 deep elf knights
  2 fire crabs
  9 naga sharpshooters
  An iron troll (Depths:5)
  10 skeletal warriors
  A large abomination (Crypt:3)
  3 salamander mystics
  A sun demon (Depths:1)
  6 deep trolls
  2 shadow wraiths (Crypt:3)
  A storm dragon skeleton (Depths:1)
  2 giant orange brains
  2 flayed ghosts
  An unseen horror (Vaults:1)
  14 sea snakes
  12 deep elf archers
  11 hill giants
  11 harpies
  A wizard (Depths:3)
  The ghost of ThereIsNoGod the Cleaver, a novice MiGl (D:6)
  4 naga ritualists
  4 necromancers
  6 ironbrand convokers
  5 mana vipers
  An anaconda skeleton (Crypt:1)
  13 griffons
  34 ugly things
  12 orc knights
  21 fauns
  53 deep elf magi
  13 salamanders
  A spectral ice dragon (Crypt:3)
  6 manticores
  6 orc sorcerers
  8 wolf spiders
  A shock serpent zombie (Crypt:1)
  3 cyclopes
  A cyclops (shapeshifter) (Snake:1)
  3 hornets
  21 naga magi
  4 guardian serpents (Snake:4)
  A centaur zombie (D:15)
  4 sirens
  A stone giant skeleton (Depths:1)
  9 vault sentinels
  25 black mambas
  2 ice statues
  A molten gargoyle (D:15)
  6 elephants
  7 gargoyles
  2 water nymphs
  A toenail golem (WizLab)
  2 yaktaur zombies
  2 torpor snails
  2 kobold demonologists (D:13)
  18 spiny frogs
  A black draconian zombie (Crypt:2)
  40 yaktaurs
  3 rime drakes
  A hellwing (Depths:3)
  An efreet (D:15)
  4 freezing wraiths
  4 spriggan druids
  7 komodo dragons
  A red devil (Depths:3)
  2 tengu conjurers (Depths:1)
  2 trolls
  A tengu simulacrum (Vaults:3)
  18 two-headed ogres
  20 polar bears
  A queen bee (Lair:2)
  40 merfolk
  2 jumping spiders
  A wind drake (Shoals:3)
  20 slime creatures
  30 blink frogs
  12 snapping turtles
  A spectral manticore (Crypt:3)
  A blink frog (shapeshifter) (Vaults:2)
  An iron dragon simulacrum (Crypt:1)
  Sigmund (D:3)
  A human simulacrum (Vaults:3)
  6 boulder beetles
  The ghost of Allar the Conjurer, an amateur DECj (D:4)
  2 shadows
  23 spriggans
  An ice dragon skeleton (Depths:1)
  2 ettin skeletons (Vaults:3)
  19 redbacks
  A vampire (D:9)
  18 flying skulls (Crypt:3)
  A tarantella (shapeshifter) (Depths:2)
  12 water elementals
  55 yaks
  4 wyverns
  6 air elementals
  A human (shapeshifter) (Depths:1)
  4 hogs
  A fire bat (shapeshifter) (Depths:5)
  4 fire bats
  11 hippogriffs
  A hippogriff (shapeshifter) (Depths:3)
  2 wraiths
  2 basilisks
  3 steam dragons
  2 fire elementals (Elf:2)
  A hill giant skeleton (Crypt:1)
  5 wargs
  5 mottled dragons
  A merfolk zombie (Crypt:1)
  5 vampire mosquitoes
  A redback simulacrum (Vaults:2)
  A human zombie (Depths:1)
  51 nagas
  Edmund (D:6)
  2 soldier ants (D:10)
  A water moccasin (shapeshifter) (Vaults:2)
  17 water moccasins
  A ghost crab zombie (Crypt:1)
  13 porcupines
  9 black bears
  An ice beast (shapeshifter) (Vaults:4)
  An eye of draining (D:11)
  28 orc warriors
  11 wasps
  An ettin simulacrum (Vaults:3)
  An ice beast (D:13)
  3 phantoms (D:8)
  2 swamp drakes (Lair:7)
  5 necrophages
  3 sky beasts
  31 wolves
  An eye of draining (shapeshifter) (Depths:1)
  28 centaurs
  32 ogres
  2 boggarts (Depths:4)
  15 crocodiles
  2 big kobolds
  13 giant frogs
  5 earth elementals
  A hell hound zombie (Crypt:2)
  A wyvern skeleton (D:11)
  3 scorpions
  20 killer bees
  A water moccasin skeleton (D:8)
  15 wights
  A giant frog zombie (D:8)
  A wolf zombie (Crypt:2)
  11 crimson imps
  4 howler monkeys
  2 quasits
  17 jellies
  A lava snake (D:15)
  2 hounds
  22 orc priests
  A giant frog skeleton (D:8)
  19 orc wizards
  4 centaur skeletons
  Crazy Yiuf (D:6)
  Jessica (D:3)
  Ijyb (D:3)
  Terence (D:2)
  10 iguanas
  2 hell rats (Lair:7)
  12 worker ants
  30 sheep
  6 gnolls
  13 adders
  52 river rats
  2 shadow imps
  13 white imps
  4 worms
  2 dart slugs (D:1)
  4 giant geckos
  82 orcs
  6 bats
  2 giant cockroaches
  5 goblins
  5 hobgoblins
  11 jackals
  17 kobolds
  3 quokkas
  4 giant newts
  4 rats
  A butterfly (Lair:1)
  A crawling corpse (Elf:3)
  7 fungi
  4 plants
1967 creatures vanquished.

Vanquished Creatures (others)
  A sphinx (Vaults:5)
  A naga warrior (Snake:4)
  An anaconda (Snake:3)
  An ogre mage (Vaults:1)
  A naga ritualist (Snake:3)
  A mana viper (Snake:3)
  A naga mage (Snake:3)
  A guardian serpent (Snake:4)
  A polar bear (IceCv)
  2 two-headed ogres (Vaults:1)
  3 yaks (IceCv)
  A water elemental (Shoals:4)
  2 humans (Shoals:1)
  4 nagas
  An orc warrior (Orc:2)
  4 wolves (IceCv)
  4 ogres (Vaults:1)
  A jelly (D:15)
  9 fungi
  3 lost souls
  102 plants
  8 tentacles (Shoals:4)
  35 tentacle segments (Shoals:4)
188 creatures vanquished.

Grand Total: 2642 creatures vanquished

Notes
Turn   | Place    | Note
--------------------------------------------------------------
     0 | D:1      | dvd the Deep Elf Summoner began the quest for the Orb.
     0 | D:1      | Reached XP level 1. HP: 10/10 MP: 6/6
   383 | D:1      | Reached XP level 2. HP: 10/15 MP: 2/8
   388 | D:1      | Learned a level 2 spell: Call Imp
  1147 | D:2      | Noticed Terence
  1153 | D:2      | Killed Terence
  1153 | D:2      | Reached skill level 5 in Summonings
  1153 | D:2      | Reached XP level 3. HP: 19/19 MP: 3/10
  1182 | D:2      | Learned a level 3 spell: Call Canine Familiar
  1387 | D:2      | Found a bloodstained altar of Trog.
  1537 | D:2      | Found a faded altar to an unknown god.
  2218 | D:3      | Noticed Sigmund
  2229 | D:3      | Killed Sigmund
  2229 | D:3      | Reached skill level 4 in Spellcasting
  2229 | D:3      | Reached XP level 4. HP: 21/24 MP: 2/12
  2229 | D:3      | Reached XP level 5. HP: 25/28 MP: 2/13
  2349 | D:3      | Noticed Jessica
  2362 | D:3      | Killed Jessica
  2658 | D:3      | Noticed Ijyb
  2673 | D:3      | Noticed an ogre
  2677 | D:3      | Killed Ijyb
  2683 | D:3      | Killed an ogre
  2683 | D:3      | Reached skill level 5 in Spellcasting
  2766 | D:3      | Learned a level 4 spell: Summon Ice Beast
  2771 | D:3      | Learned a level 4 spell: Summon Lightning Spire
  2876 | D:3      | Found a deep blue altar of Sif Muna.
  2876 | D:3      | Found an ancient bone altar of Kikubaaqudgha.
  2878 | D:3      | Found a radiant altar of Vehumet.
  2883 | D:3      | Identified Vehumet's Almanac of Damage Dealing
  2891 | D:3      | Became a worshipper of Sif Muna the Loreminder
  2930 | D:4      | You fall through a shaft for 2 floors!
  2930 | D:6      | Noticed Crazy Yiuf
  2934 | D:6      | Killed Crazy Yiuf
  2938 | D:6      | Noticed ThereIsNoGod's ghost (novice MiGl)
  2953 | D:6      | Killed ThereIsNoGod's ghost
  2953 | D:6      | Reached skill level 6 in Spellcasting
  2953 | D:6      | Reached XP level 6. HP: 14/32 MP: 1/17
  3207 | D:6      | Reached XP level 7. HP: 36/36 MP: 15/18
  3438 | D:6      | Reached * piety under Sif Muna
  3439 | D:6      | Noticed Edmund
  3454 | D:6      | Killed Edmund
  3454 | D:6      | Reached skill level 7 in Spellcasting
  3551 | D:6      | Found an iron altar of Okawaru.
  3612 | D:6      | Found a basalt altar of Yredelemnul.
  3619 | D:6      | Reached skill level 1 in Air Magic
  4151 | D:7      | Reached ** piety under Sif Muna
  4151 | D:7      | Reached *** piety under Sif Muna
  4151 | D:7      | Reached skill level 9 in Spellcasting
  4151 | D:7      | Reached XP level 8. HP: 46/46 MP: 20/23
  4160 | D:7      | Found Xamiolom's Antique Armour Boutique.
  4168 | D:7      | Bought a pair of runed gloves for 94 gold pieces
  4178 | D:7      | Bought a pair of embroidered gloves for 94 gold pieces
  4299 | D:7      | Reached XP level 9. HP: 51/51 MP: 12/24
  4359 | D:7      | Found Woshric's Antique Weapon Shoppe.
  5070 | D:7      | Found Amant's Distillery.
  5073 | D:7      | Bought a potion of mutation for 25 gold pieces
  5348 | D:8      | Learned a level 2 spell: Blink
  5399 | D:8      | Noticed a cyclops
  5411 | D:8      | Killed a cyclops
  5414 | D:8      | Reached skill level 10 in Spellcasting
  5420 | D:8      | Reached skill level 5 in Stealth
  5566 | D:5      | Entered Level 5 of the Dungeon
  5599 | D:5      | Reached **** piety under Sif Muna
  5628 | D:5      | Found Roucuku's Book Emporium.
  5760 | D:5      | Found a white marble altar of Elyvilon.
  5796 | D:5      | Got a bone battleaxe
  5797 | D:5      | Identified the +4 battleaxe of Salt {freeze, *Confuse +Blink Str+2 Dex+3} (You found it on level 5 of the Dungeon)
  5812 | D:5      | Found a stormy altar of Qazlal.
  5939 | D:5      | Learned a level 2 spell: Shroud of Golubria
  6391 | D:4      | Noticed Allar's ghost (amateur DECj)
  6455 | D:4      | Killed Allar's ghost
  6575 | D:4      | Found a staircase to the Ecumenical Temple.
  6619 | Temple   | Entered the Ecumenical Temple
  7967 | D:8      | Found a staircase to the Lair.
  7980 | D:8      | Noticed Maurice
  8037 | D:8      | Killed Maurice
  8313 | D:8      | Reached XP level 10. HP: 56/56 MP: 18/26
  8341 | D:8      | Reached skill level 11 in Spellcasting
  8423 | D:8      | Noticed a five-headed hydra
  8435 | D:8      | Killed a five-headed hydra
  8435 | D:8      | Reached ***** piety under Sif Muna
  8443 | D:8      | Found an opulent altar of Gozag.
  8537 | D:8      | Got an ancient hand crossbow
  8538 | D:8      | Identified the +3 hand crossbow "Ivutegycs" {venom, rN+ Str+4 Stlth+} (You found it on level 8 of the Dungeon)
  8861 | Lair:1   | Entered Level 1 of the Lair of Beasts
  9005 | Lair:1   | Noticed a spiny frog
  9012 | Lair:1   | Killed a spiny frog
  9069 | Lair:1   | Noticed a spiny frog
  9077 | Lair:1   | Killed a spiny frog
  9387 | Lair:1   | Reached skill level 1 in Charms
  9617 | Lair:1   | Reached skill level 5 in Ice Magic
  9738 | Lair:1   | Reached skill level 12 in Spellcasting
 10009 | Lair:2   | Noticed a spiny frog
 10018 | Lair:2   | Killed a spiny frog
 10018 | Lair:2   | Reached skill level 10 in Summonings
 10056 | Lair:2   | Reached skill level 5 in Air Magic
 10069 | Lair:2   | Reached skill level 1 in Translocations
 10214 | Lair:2   | Noticed a spiny frog
 10219 | Lair:2   | Killed a spiny frog
 10241 | Lair:2   | Noticed a spiny frog
 10252 | Lair:2   | Killed a spiny frog
 10276 | Lair:2   | Reached XP level 11. HP: 52/60 MP: 15/29
 10847 | Lair:2   | Reached skill level 5 in Invocations
 10870 | Lair:2   | Learned a level 3 spell: Ozocubu's Armour
 11184 | Lair:3   | Found a staircase to the Shoals.
 11274 | Lair:3   | Reached skill level 13 in Spellcasting
 11308 | Lair:3   | Reached ****** piety under Sif Muna
 11308 | Lair:3   | Received a gift from Sif Muna
 11309 | Lair:3   | Identified Sif Muna's Incunabulum of Calling and Confrontation (Sif Muna gifted it to you on level 3 of the Lair of Beasts)
 11316 | Lair:3   | Learned a level 5 spell: Aura of Abjuration
 11322 | Lair:3   | Learned a level 5 spell: Summon Demon
 11329 | Lair:3   | Found a labyrinth entrance.
 11338 | Lab      | Entered a labyrinth
 11581 | Lab      | Noticed a minotaur
 11610 | Lab      | Killed a minotaur
 11614 | Lab      | Got a serpentine lead amulet
 11616 | Lab      | Identified the amulet of Xom's Outrage {Spirit rPois Str+4 Stlth-} (You took it off a minotaur in a labyrinth)
 11636 | Lab      | Identified Zatsoylo's Grimoire of Curses
 11645 | Lab      | Learned a level 6 spell: Shadow Creatures
 11651 | Lair:3   | Identified a +4 rod of clouds (9/9) (You found it in a labyrinth)
 12584 | Lair:4   | Found a staircase to the Snake Pit.
 12625 | Lair:4   | Noticed Maud
 12635 | Lair:4   | Killed Maud
 13723 | Lair:5   | Reached XP level 12. HP: 66/66 MP: 31/31
 13755 | Lair:5   | Noticed a seven-headed hydra
 13765 | Lair:5   | Killed a seven-headed hydra
 13772 | Lair:5   | Reached skill level 5 in Staves
 13772 | Lair:5   | Reached skill level 14 in Spellcasting
 13801 | Lair:5   | Learned a level 5 spell: Summon Mana Viper
 13979 | Lair:5   | Noticed a seven-headed hydra
 13984 | Lair:5   | Killed a seven-headed hydra
 14344 | Lair:6   | Found a staircase to the Slime Pits.
 14429 | Lair:6   | Noticed a six-headed hydra
 14432 | Lair:6   | Killed a six-headed hydra
 14497 | Lair:6   | Reached skill level 1 in Hexes
 15248 | Lair:7   | Noticed a six-headed hydra
 15267 | Lair:7   | Noticed Galewind's ghost (journeyman DECj)
 15277 | Lair:7   | Killed Galewind's ghost
 15411 | Lair:7   | Noticed Snorg
 15413 | Lair:7   | Killed a six-headed hydra
 15416 | Lair:7   | Killed Snorg
 15416 | Lair:7   | Received a gift from Sif Muna
 15417 | Lair:7   | Identified Sif Muna's Disquisition on Self-Improvement and Feathers (Sif Muna gifted it to you on level 7 of the Lair of Beasts)
 15571 | Lair:7   | Found a frozen archway.
 15622 | IceCv    | Entered an ice cave
 15804 | IceCv    | Reached skill level 15 in Spellcasting
 16393 | IceCv    | Noticed dvd's ghost (adept DEFE)
 16413 | IceCv    | Killed dvd's ghost
 16454 | IceCv    | Noticed a death yak
 16489 | IceCv    | Killed a death yak
 16554 | IceCv    | Reached XP level 13. HP: 59/70 MP: 33/34
 16796 | IceCv    | Noticed a frost giant
 16818 | IceCv    | Killed a frost giant
 16986 | Lair:7   | Learned a level 4 spell: Airstrike
 17609 | Lair:8   | Entered Level 8 of the Lair of Beasts
 17818 | Lair:8   | Found a dark tunnel.
 17827 | Volcano  | Entered a volcano
 18487 | Lair:8   | Received a gift from Sif Muna
 18491 | Lair:8   | Identified Sif Muna's Incunabulum of Lethal Summoning (Sif Muna gifted it to you on level 8 of the Lair of Beasts)
 18545 | Lair:8   | Reached skill level 16 in Spellcasting
 19217 | Lair:8   | Learned a level 6 spell: Deflect Missiles
 19416 | D:9      | Found a snail-covered altar of Cheibriados.
 19587 | D:9      | Found a glowing golden altar of the Shining One.
 19968 | D:9      | Noticed Gastronok
 20121 | D:9      | Killed Gastronok
 20338 | D:10     | Entered Level 10 of the Dungeon
 20422 | D:10     | Found a staircase to the Orcish Mines.
 20778 | D:10     | Reached XP level 14. HP: 76/76 MP: 36/36
 21163 | Orc:1    | Entered Level 1 of the Orcish Mines
 21319 | Orc:2    | Entered Level 2 of the Orcish Mines
 21371 | Orc:2    | Found a roughly hewn altar of Beogh.
 21530 | Orc:2    | Found a staircase to the Elven Halls.
 21571 | Orc:2    | Noticed a stone giant
 21584 | Orc:2    | Killed a stone giant
 21989 | Orc:2    | Found Vaxuusui's Jewellery Shop.
 21989 | Orc:2    | Found Uwun's Assorted Antiques.
 21991 | Orc:2    | Found Elun's Jewellery Shop.
 21991 | Orc:2    | Found Noolafod's Jewellery Emporium.
 21997 | Orc:2    | Bought the amulet "Zunil" {rElec rPois Regen+ Dex+4 Slay+3} for 968 gold pieces
 22011 | Orc:2    | Bought the ring of the Mage {Wiz MR++ Int+3} for 723 gold pieces
 22015 | Orc:2    | Bought the ring of Agnosticism {MP+9 Int+2 Dex+2} for 531 gold pieces
 22813 | D:11     | Reached XP level 15. HP: 72/80 MP: 37/37
 22819 | D:11     | Learned a level 3 spell: Regeneration
 23237 | D:11     | Reached skill level 17 in Spellcasting
 23402 | D:12     | Received a gift from Sif Muna
 23403 | D:12     | Identified Sif Muna's Volume of Boosting Transmutation (Sif Muna gifted it to you on level 12 of the Dungeon)
 24996 | D:13     | Identified the Volume of Displacement and Air (You found it on level 13 of the Dungeon)
 25282 | Snake:1  | Entered Level 1 of the Snake Pit
 25348 | Snake:1  | Noticed Rupert
 25355 | Snake:1  | Killed Rupert
 26049 | Snake:1  | Got a bloodstained ring mail
 26066 | Snake:1  | Identified the +5 ring mail "Loil" {Int+2 Dex+2} (You found it on level 1 of the Snake Pit)
 26486 | Snake:2  | Reached skill level 10 in Invocations
 27036 | Snake:2  | Found Meicrydgh's Magic Scroll Emporium.
 27275 | Snake:3  | Noticed Nikola
 27286 | Snake:3  | Killed Nikola
 27300 | Snake:3  | Received a gift from Sif Muna
 27304 | Snake:3  | Identified Sif Muna's Papyrus of Creative Attacks (Sif Muna gifted it to you on level 3 of the Snake Pit)
 27543 | Snake:3  | Reached skill level 18 in Spellcasting
 27896 | Snake:4  | Entered Level 4 of the Snake Pit
 27896 | Snake:4  | Noticed a greater naga
 27902 | Snake:4  | Killed a greater naga
 27960 | Snake:4  | Found Hioduwn's Gadget Shop.
 28086 | Snake:4  | Noticed a greater naga
 28116 | Snake:4  | Killed a greater naga
 28177 | Snake:4  | Noticed a greater naga
 28185 | Snake:4  | Killed a greater naga
 28215 | Snake:4  | Reached XP level 16. HP: 38/85 MP: 1/40
 28418 | Snake:4  | Reached skill level 1 in Necromancy
 29291 | Snake:4  | Reached skill level 5 in Charms
 29330 | Snake:4  | Received a gift from Sif Muna
 29356 | Snake:4  | Identified Sif Muna's Volume of Torrid Evil (Sif Muna gifted it to you on level 4 of the Snake Pit)
 29373 | Snake:4  | Got a serpentine rune of Zot
 29781 | Snake:2  | Learned a level 3 spell: Recall
 29811 | Snake:2  | Learned a level 7 spell: Monstrous Menagerie
 30281 | D:14     | Got a transparent short sword
 30282 | D:14     | Identified the +5 short sword "Gommut" {freeze, rElec Str+5} (You found it on level 14 of the Dungeon)
 30337 | D:14     | Reached skill level 19 in Spellcasting
 30494 | D:14     | Found a gate to the Vaults.
 30841 | D:15     | Entered Level 15 of the Dungeon
 30994 | D:15     | Reached skill level 5 in Hexes
 31618 | D:15     | Found a staircase to the Depths.
 31893 | Shoals:1 | Entered Level 1 of the Shoals
 31925 | Shoals:1 | Reached skill level 15 in Summonings
 31926 | Shoals:1 | Noticed Kirke
 31933 | Shoals:1 | Killed Kirke
 32270 | Shoals:1 | Found Soshayfa's Antique Weapon Shop.
 32653 | Shoals:2 | Found Irribota's Weapon Boutique.
 32669 | Shoals:2 | Found Curcheiwul's Antique Armour Emporium.
 32768 | Shoals:2 | Found Ykkuruz's Weapon Shop.
 32790 | Shoals:2 | Noticed Frances
 32804 | Shoals:2 | Killed Frances
 32813 | Shoals:2 | Bought the +7 quarterstaff "Beetleslayer" {freeze, Fragile MR+ Dex+4 SInv} for 1050 gold pieces
 32834 | Shoals:2 | Noticed Polyphemus
 32862 | Shoals:2 | Killed Polyphemus
 33074 | Shoals:2 | Received a gift from Sif Muna
 33470 | Shoals:3 | Reached skill level 20 in Spellcasting
 33507 | Shoals:3 | Reached XP level 17. HP: 66/90 MP: 36/43
 34067 | Shoals:4 | Entered Level 4 of the Shoals
 34089 | Shoals:4 | Noticed Mara
 34097 | Shoals:4 | Noticed dvd's illusion
 34108 | Shoals:4 | Noticed Ilsuiw
 34178 | Shoals:4 | Reached skill level 10 in Dodging
 34355 | Shoals:3 | HP: 2/90 [griffon (7)]
 34524 | Shoals:4 | Noticed dvd's illusion
 34670 | Shoals:4 | Killed Ilsuiw
 34682 | Shoals:4 | Noticed dvd's illusion
 34685 | Shoals:4 | Noticed dvd's illusion
 34694 | Shoals:4 | Killed Mara
 34939 | Shoals:4 | Received a gift from Sif Muna
 34940 | Shoals:4 | Identified Odocall's Catalogue of Calling and Ice (Sif Muna gifted it to you on level 4 of the Shoals)
 35036 | Shoals:4 | Got a barnacled rune of Zot
 35120 | Shoals:4 | Noticed a kraken
 35149 | Shoals:4 | Killed a kraken
 35307 | Shoals:4 | Identified Ceolyhe's Papyrus of Conjuration (You found it on level 4 of the Shoals)
 35711 | Elf:1    | Entered Level 1 of the Elven Halls
 35811 | Elf:1    | Reached skill level 10 in Air Magic
 35953 | Elf:1    | Reached skill level 21 in Spellcasting
 36348 | Elf:1    | Reached skill level 10 in Ice Magic
 36430 | Elf:1    | Noticed a Tzitzimitl
 37407 | Elf:2    | Found Nahar's General Store.
 37620 | Elf:2    | Found a huge runed gate.
 37620 | Elf:2    | Found a huge runed gate.
 37620 | Elf:2    | Found a huge runed gate.
 37620 | Elf:2    | Found a huge runed gate.
 37622 | Elf:2    | Found a huge runed gate.
 37655 | Elf:2    | Noticed a deep elf blademaster
 37663 | Elf:2    | Killed a deep elf blademaster
 37795 | Elf:2    | Reached XP level 18. HP: 95/95 MP: 45/45
 37914 | Elf:2    | Received a gift from Sif Muna
 37915 | Elf:2    | Identified Sif Muna's Disquisition on the Mountains (Sif Muna gifted it to you on level 2 of the Elven Halls)
 38133 | Elf:3    | Entered Level 3 of the Elven Halls
 38425 | Elf:3    | Found Xatrulla's Book Shoppe.
 38691 | D:9      | Learned a level 8 spell: Summon Horrible Things
 39122 | Elf:3    | Noticed Roxy's ghost (adept FoFi)
 39146 | Elf:3    | Killed Roxy's ghost
 39206 | Elf:3    | Reached skill level 22 in Spellcasting
 39795 | Elf:3    | Received a gift from Sif Muna
 39799 | Elf:3    | Identified Naoriz's Papyrus of Unstable Fire (Sif Muna gifted it to you on level 3 of the Elven Halls)
 40036 | Elf:3    | Got a faintly glowing buckler
 40037 | Elf:3    | Identified the cursed +0 buckler of Ethics {rF++ MR- Slay+2} (You took it off a deep elf death mage on level 3 of the Elven Halls)
 40188 | Elf:3    | Identified the Almanac of Fetching Dislocation
 40260 | Elf:3    | Identified Sif Muna's Spellcraft, Part Four (You found it on level 3 of the Elven Halls)
 40274 | Elf:3    | Got a heavily runed ring mail
 40285 | Elf:3    | Identified the +3 ring mail "Jaonyif" {rElec rF+++ rC- Int+2} (You found it on level 3 of the Elven Halls)
 40496 | Elf:1    | Learned a level 7 spell: Summon Hydra
 40649 | Vaults:1 | Entered Level 1 of the Vaults
 40657 | Vaults:1 | Found a magical portal.
 40666 | WizLab   | Entered Doroklohe's Tomb
 40916 | WizLab   | Noticed an electric golem
 40932 | WizLab   | Killed an electric golem
 41299 | Vaults:1 | Found Haashre's Antique Weapon Boutique.
 41333 | Vaults:1 | Reached skill level 23 in Spellcasting
 42088 | Vaults:1 | Got a pair of distressingly furry gloves
 42099 | Vaults:1 | Identified the +1 pair of gloves of the Scribe {rF+++ Str+8 Int-5 Dex-3} (You found it on level 1 of the Vaults)
 42503 | Vaults:2 | Reached XP level 19. HP: 100/100 MP: 48/48
 43421 | Vaults:3 | Reached skill level 5 in Fighting
 43631 | Vaults:3 | Received a gift from Sif Muna
 43664 | Vaults:3 | Identified Sif Muna's Grimoire of Harmful Companions (Sif Muna gifted it to you on level 3 of the Vaults)
 43749 | Vaults:3 | Noticed a bone dragon
 43768 | Vaults:3 | Killed a bone dragon
 43873 | Vaults:3 | Noticed Wiglaf
 43874 | Vaults:3 | Noticed Agnes
 43881 | Vaults:3 | Killed Wiglaf
 43887 | Vaults:3 | Noticed Frederick
 43914 | Vaults:3 | Killed Frederick
 44007 | Vaults:3 | Killed Agnes
 44124 | Vaults:3 | Found a staircase to the Crypt.
 44504 | Vaults:3 | Found a portal to a secret trove of treasure.
 45319 | Vaults:4 | Identified a scroll of acquirement
 45969 | Vaults:4 | Reached skill level 24 in Spellcasting
 46722 | Depths:1 | Entered Level 1 of the Depths
 46851 | Depths:1 | Found a radiant altar of Vehumet.
 46863 | Depths:1 | Got a translucent hat
 46864 | Depths:1 | Identified the +0 hat of Noughts and Crosses {MR++ Int+2} (You found it on level 1 of the Depths)
 47511 | Depths:1 | Found a gateway to Hell.
 47638 | Depths:2 | Received a gift from Sif Muna
 47679 | Depths:2 | Found Oriu's Distillery.
 47685 | Depths:2 | Found Quaqocs's Antique Weapon Shoppe.
 47687 | Depths:2 | Bought a potion of magic for 96 gold pieces
 47687 | Depths:2 | Bought a potion of heal wounds for 60 gold pieces
 47687 | Depths:2 | Bought a potion of heal wounds for 60 gold pieces
 47687 | Depths:2 | Bought 2 potions of heal wounds for 120 gold pieces
 47687 | Depths:2 | Bought a potion of heal wounds for 60 gold pieces
 47687 | Depths:2 | Bought a potion of magic for 96 gold pieces
 47722 | Depths:2 | Found Qiagg's General Store.
 47731 | Depths:2 | Bought a scroll of blinking for 97 gold pieces
 47737 | Depths:2 | Found Wapateav's Antique Armour Emporium.
 47746 | Depths:2 | Bought a pair of shimmering gloves for 304 gold pieces
 47756 | Depths:2 | Identified the +1 pair of gloves of Carph {MR+ rCorr Str+4} (You bought it in a shop on level 2 of the Depths)
 48007 | Depths:2 | Reached XP level 20. HP: 111/111 MP: 50/50
 48326 | Vaults:3 | Learned a level 4 spell: Animate Dead
 49070 | Depths:2 | Noticed a juggernaut
 49076 | Depths:2 | Killed a juggernaut
 49615 | Depths:2 | Noticed a Tzitzimitl
 49693 | Depths:2 | Gained mutation: You possess an exceptional clarity of mind. [potion of beneficial mutation]
 50347 | Depths:3 | Found a gateway to a ziggurat.
 50351 | Depths:3 | Found a gateway to a bazaar.
 50367 | Bazaar   | Entered a bazaar
 50373 | Bazaar   | Found Wuroudah's Antique Armour Emporium.
 50381 | Bazaar   | Bought a brightly glowing leather armour for 140 gold pieces
 50391 | Bazaar   | Identified the +0 leather armour of Xuptops {+Inv Dex-2 SInv Stlth+} (You bought it in a shop in a bazaar)
 50418 | Bazaar   | Found Veiqus's Weapon Emporium.
 50425 | Bazaar   | Found Mikh's Food Shop.
 50430 | Bazaar   | Found Qozuu's Armour Shop.
 50441 | Bazaar   | Bought the +4 pair of boots of the Princeling {rC+ Int+2 Dex-3} for 473 gold pieces
 50632 | Depths:3 | Received a gift from Sif Muna
 50634 | Depths:3 | Identified Sif Muna's Papyrus of Evil Rites and Dislocation (Sif Muna gifted it to you on level 3 of the Depths)
 51028 | Depths:3 | Found a one-way gate leading to the halls of Pandemonium.
 51294 | D:15     | Learned a level 4 spell: Control Undead
 51300 | D:15     | Learned a level 5 spell: Dispel Undead
 51513 | Crypt:1  | Entered Level 1 of the Crypt
 51860 | Crypt:1  | Reached skill level 25 in Spellcasting
 51939 | Crypt:1  | Noticed Boris
 51947 | Crypt:1  | Killed Boris
 53291 | Crypt:3  | Entered Level 3 of the Crypt
 53414 | Crypt:3  | Reached skill level 5 in Necromancy
 53599 | Crypt:3  | Found an ancient bone altar of Kikubaaqudgha.
 53628 | Crypt:3  | Reached XP level 21. HP: 118/118 MP: 49/52
 53682 | Crypt:3  | Received a gift from Sif Muna
 53691 | Crypt:3  | Identified Sif Muna's Disquisition on Excruciating Ice (Sif Muna gifted it to you on level 3 of the Crypt)
 53846 | Crypt:3  | Noticed Jory
 53855 | Crypt:3  | Killed Jory
 53858 | Crypt:3  | Found a staircase to the Tomb.
 53892 | Crypt:3  | Got a sparkling platinum ring
 53892 | Crypt:3  | Got a wavering amber ring
 53898 | Crypt:3  | Identified the ring of the Dropbear {rPois rN+} (You found it on level 3 of the Crypt)
 53900 | Crypt:3  | Identified the ring "Zeru" {Fragile rF++ rN+ Str-3 Int+9} (You found it on level 3 of the Crypt)
 54871 | Crypt:3  | Noticed a profane servitor
 54890 | Crypt:3  | Killed a profane servitor
 55480 | Depths:4 | Found Wiffonewn's Weapon Boutique.
 55483 | Depths:4 | Found a one-way gate to the infinite horrors of the Abyss.
 56303 | Depths:4 | Got a warped ring mail
 56314 | Depths:4 | Identified the cursed +0 ring mail of the Komtur {rElec} (You found it on level 4 of the Depths)
 56785 | Depths:5 | Entered Level 5 of the Depths
 56795 | Depths:5 | Noticed a golden dragon
 56801 | Depths:5 | Killed a golden dragon
 56858 | Depths:5 | Reached skill level 26 in Spellcasting
 56874 | Depths:5 | Received a gift from Sif Muna
 56875 | Depths:5 | Identified Sif Muna's Reference Book on the Oath (Sif Muna gifted it to you on level 5 of the Depths)
 57407 | Depths:5 | Reached skill level 10 in Fighting
 57646 | Depths:5 | Noticed a golden dragon
 57649 | Depths:5 | Noticed a golden dragon
 57658 | Depths:5 | Killed a golden dragon
 57658 | Depths:5 | Killed a golden dragon
 57659 | Depths:5 | Found a gate to the Realm of Zot.
 57718 | Depths:5 | Noticed a caustic shrike
 57720 | Depths:5 | Noticed a caustic shrike
 57720 | Depths:5 | Noticed a caustic shrike
 57721 | Depths:5 | Noticed a caustic shrike
 57723 | Depths:5 | Killed a caustic shrike
 57732 | Depths:5 | Killed a caustic shrike
 57802 | Depths:5 | Killed a caustic shrike
 57892 | Depths:5 | Killed a caustic shrike
 58551 | Vaults:5 | Entered Level 5 of the Vaults
 58560 | Vaults:5 | Reached XP level 22. HP: 51/128 MP: 22/54
 58891 | Vaults:5 | Received a gift from Sif Muna
 58893 | Vaults:5 | Identified Sif Muna's Grimoire of the Escort and Sinister Magic (Sif Muna gifted it to you on level 5 of the Vaults)
 58894 | Vaults:5 | Shot with a bolt by a yaktaur captain

Skill      XL: |  1  2  3  4  5  6  7  8  9 10 11 12 13 14 15 16 17 18 19 20 21 |
---------------+----------------------------------------------------------------+-----
Summonings     | 5 7 8 9 10 11 12 13 14 15 16 17 18 19 | 19.2
Stealth        | 3 4 5 6 7 8 9 |  9.1
Dodging        | 3 6 7 8 9 10 11 | 11.2
Spellcasting   | 4 6 9 10 12 13 15 16 18 20 21 23 24 25 26 | 26.8
Air Magic      | 4 5 6 7 8 9 10 11 12 | 12.9
Fighting       | 3 4 7 8 10 | 10.5
Staves         | 4 5 6 |  6.9
Ice Magic      | 4 5 6 7 8 9 10 | 10.3
Invocations    | 4 5 7 9 10 11 12 13 | 13.5
Charms         | 1 2 4 5 6 |  6.7
Translocations | 1 2 3 |  3.7
Hexes          | 1 3 4 5 6 7 |  7.2
Necromancy     | 1 2 5 7 |  7.6
Short Blades   | |  0.2
Evocations     | |  0.2

Action                   |  1- 3 |  4- 6 |  7- 9 | 10-12 | 13-15 | 16-18 | 19-21 | 22-24 || total
-------------------------+-------+-------+-------+-------+-------+-------+-------+-------++-------
Melee: Unarmed           |     5 |       |       |       |       |       |       |       ||     5
       Dagger            |    16 |     3 |       |       |       |       |       |       ||    19
       Quarterstaff      |       |    11 |    83 |   182 |   231 |   216 |   240 |     3 ||   966
       Flail             |       |       |     1 |       |       |       |       |       ||     1
 Cast: Summon Small Mamm |    46 |       |       |       |       |       |       |       ||    46
       Call Imp          |    15 |    17 |    13 |     3 |       |       |       |       ||    48
       Call Canine Famil |     5 |     9 |    22 |    20 |       |       |       |       ||    56
       Summon Lightning  |       |       |    42 |    98 |   157 |   200 |   139 |     5 ||   641
       Summon Ice Beast  |       |       |    21 |   116 |   183 |   167 |       |       ||   487
       Shroud of Golubri |       |       |     8 |    14 |       |       |       |       ||    22
       Summon Demon      |       |       |       |    18 |    65 |    98 |    37 |     3 ||   221
       Ozocubu's Armour  |       |       |       |    11 |    36 |    41 |    21 |     5 ||   114
       Shadow Creatures  |       |       |       |    10 |    11 |     4 |       |       ||    25
       Summon Mana Viper |       |       |       |    17 |    71 |   108 |    41 |       ||   237
       Aura of Abjuratio |       |       |       |     4 |     9 |    34 |    14 |     1 ||    62
       Blink             |       |       |       |     2 |     5 |    13 |    13 |     6 ||    39
       Airstrike         |       |       |       |       |    58 |   337 |   305 |    13 ||   713
       Deflect Missiles  |       |       |       |       |     6 |    13 |     6 |     1 ||    26
       Regeneration      |       |       |       |       |    21 |    54 |    57 |     6 ||   138
       Monstrous Menager |       |       |       |       |       |    92 |    27 |       ||   119
       Recall            |       |       |       |       |       |     6 |    16 |     1 ||    23
       Summon Hydra      |       |       |       |       |       |    26 |   170 |    17 ||   213
       Summon Horrible T |       |       |       |       |       |    18 |    69 |     6 ||    93
       Dispel Undead     |       |       |       |       |       |       |   162 |       ||   162
       Animate Dead      |       |       |       |       |       |       |    41 |     4 ||    45
       Control Undead    |       |       |       |       |       |       |    23 |       ||    23
Invok: Channel Energy    |       |       |       |   149 |   357 |   437 |   312 |    25 ||  1280
       Forget Spell      |       |       |       |       |     1 |       |     1 |       ||     2
Evoke: Wand              |       |       |     2 |     5 |     3 |    11 |     3 |       ||    24
  Use: Scroll            |     1 |     5 |     6 |    26 |    12 |    26 |    21 |     2 ||    99
       Potion            |       |       |    11 |     4 |     4 |     8 |     4 |       ||    31
 Stab: Sleeping          |     2 |     2 |     9 |    10 |    16 |     9 |    20 |       ||    68
       Confused          |       |     1 |       |       |     1 |     1 |       |       ||     3
       Distracted        |       |       |       |     6 |     4 |    17 |    10 |       ||    37
       Petrifying        |       |       |       |     1 |       |       |     1 |       ||     2
       Paralysed         |       |       |       |     1 |     2 |     2 |       |       ||     5
       Invisible         |       |       |       |       |       |     1 |       |       ||     1
  Eat: Chunk             |     5 |     3 |    16 |    46 |    78 |    96 |    76 |     4 ||   324
       Pizza             |       |       |     1 |       |     1 |       |     4 |       ||     6
       Beef jerky        |       |       |       |     1 |     7 |     3 |     1 |       ||    12
       Royal jelly       |       |       |       |     1 |       |     6 |     6 |     1 ||    14
       Meat ration       |       |       |       |       |       |     1 |     1 |       ||     2
       Fruit             |       |       |       |       |       |     1 |       |       ||     1
Armor: Robe              |    14 |     2 |    26 |    62 |   102 |   107 |    93 |    34 ||   440
       Ring mail         |       |       |       |       |       |       |    10 |       ||    10
Dodge: Dodged            |    30 |     8 |    83 |   191 |   318 |   655 |   484 |    57 ||  1826
       Deflected         |       |       |       |       |    63 |   158 |   102 |     4 ||   327
